 Dungeon Crawl Stone Soup version 0.18-b1-22-ge198996 (webtiles) character file.

58 RudyRod the Firebug (level 3, -6/24 HPs)
             Began as a Demonspawn Fire Elementalist on May 4, 2016.
             Killed from afar by a white imp (9 damage)
             ... with a puff of frost
             ... summoned by Natasha
             ... on level 2 of the Dungeon.
             The game lasted 00:09:20 (2095 turns).

RudyRod the Firebug (Demonspawn Fire Elementalist)  Turns: 2095, Time: 00:09:20

Health: -6/24      AC:  5    Str:  8    XL:     3   Next: 75%
Magic:  4/6        EV: 12    Int: 17    God:
Gold:   55         SH:  2    Dex: 13    Spells: 1 memorised, 6 levels left

rFire  . . .     SeeInvis .     m - +2 dagger (venom)
rCold  . . .     Gourm    .     a - +0 robe
rNeg   . . .     Faith    .     (no shield)
rPois  .         Spirit   .     (no helmet)
rElec  .         Dismiss  +     (no cloak)
rCorr  .         Reflect  .     j - +0 pair of gloves
SustAt .         Harm     .     (no boots)
MR     .....                    l - amulet of dismissal
Stlth  ++........               (no ring)
                                f - ring of wizardry

@: slowed, very slow, not resistant to hostile enchantments, unstealthy
A: large bone plates 1, powered by pain 1
a: no special abilities


You were on level 2 of the Dungeon.
You were not hungry.

You visited 1 branch of the dungeon, and saw 2 of its levels.

You collected 55 gold pieces.

Inventory:

Hand Weapons
 i - a +0 dagger
 m - a +2 dagger of venom (weapon)
Armour
 a - a +0 robe (worn)
 j - a +0 pair of gloves (worn)
Jewellery
 f - a ring of wizardry (left hand)
 l - an amulet of dismissal (around neck)
Scrolls
 g - a scroll of magic mapping {unknown}
 h - a scroll of remove curse {unknown}
 n - a scroll of enchant weapon {unknown}
Potions
 e - 2 potions of degeneration {unknown}
Books
 b - a book of Flames

   Spells                             Type                      Level
   a - Flame Tongue                   Conjuration/Fire             1
   b - Throw Flame                    Conjuration/Fire             2
   c - Conjure Flame                  Conjuration/Fire             3
   d - Inner Flame                    Hexes/Fire                   3
   e - Sticky Flame                   Conjuration/Fire             4
   f - Fireball                       Conjuration/Fire             5
Comestibles
 c - 3 bread rations
 d - a meat ration
 k - a chunk of flesh


   Skills:
 + Level 2.0 Dodging
 + Level 1.9 Stealth
 + Level 2.5 Spellcasting
 + Level 1.8 Conjurations
 + Level 3.3 Fire Magic


You had 6 spell levels left.
You knew the following spells:

 Your Spells              Type           Power        Failure   Level  Hunger
a - Flame Tongue          Conj/Fire      ##...        4%          1    #......


Dungeon Overview and Level Annotations

Branches:
Dungeon (2/15)

Altars:
Yredelemnul

Annotations:
D:2 Ijyb, Natasha


Innate Abilities, Weirdness & Mutations

You are partially covered in large bone plates (AC +2, SH +2).
You sometimes gain a little power by taking damage.


Message History

The crimson imp disappears in a puff of smoke!
Natasha growls.
Natasha claws you but does no damage. Natasha claws you! Natasha claws you!
* * * LOW HITPOINT WARNING * * *
The shadow imp disappears in a puff of smoke!
Natasha closely misses you. Natasha misses you.
Natasha mumbles some strange words.
You feel troubled.
Natasha stares at you and mumbles some strange words.
You feel as though you will be slow longer.
Natasha casts a spell.
Some of the chunks of flesh in your inventory have rotted away.
Natasha stares at you and mumbles some strange words.
You feel as though you will be slow longer.
The white imp gestures at you. The puff of frost hits you!
You die...

####### ############# ......#
#########...........#
......#####...#.....(.........#
..............+.@..h..........#
......#####...#..>5.......######
..............#.............รท..#
............#.#.(..............#
...#####....#.#######..........#
.....................##........#
##.#####.............####.######
...# #.............# #.#
...#####.###..###########.# ####


You could see Natasha and a white imp.

Vanquished Creatures
  An adder (D:2)
  A worm (D:2)
  3 dart slugs
  3 giant geckos
  7 bats
  2 giant cockroaches
  2 goblins
  3 hobgoblins
  7 kobolds
  4 giant newts (D:1)
  5 rats
38 creatures vanquished.

Notes
Turn   | Place    | Note
--------------------------------------------------------------
     0 | D:1      | RudyRod the Demonspawn Fire Elementalist began the quest for the Orb.
     0 | D:1      | Reached XP level 1. HP: 13/13 MP: 3/3
   123 | D:1      | Reached skill level 3 in Fire Magic
   249 | D:1      | Gained mutation: You sometimes gain a little power by taking damage. [demonic ancestry]
   249 | D:1      | Reached XP level 2. HP: 19/19 MP: 3/5
  1105 | D:2      | Noticed Ijyb
  1337 | D:2      | Gained mutation: You are partially covered in large bone plates (AC +2, SH +2). [demonic ancestry]
  1337 | D:2      | Reached XP level 3. HP: 24/24 MP: 0/6
  2061 | D:2      | Found a basalt altar of Yredelemnul.
  2071 | D:2      | Noticed Natasha
  2095 | D:2      | Killed from afar by a white imp

Skill      XL: |  1  2 |
---------------+-------+-----
Fire Magic     | 3 |  3.3
Dodging        | 2 |  2.0
Stealth        | |  1.9
Spellcasting   | |  2.5
Conjurations   | |  1.8

Action                   || total
-------------------------++-------
Melee: Dagger            ||    35
       Unarmed           ||     7
 Cast: Flame Tongue      ||    76
  Eat: Bread ration      ||     1
       Chunk             ||     1
Armor: Robe              ||    19
Dodge: Dodged            ||    44
Block: Other             ||     2
